 Dungeon Crawl Stone Soup version 0.28.0-53-g5a82cb258f (webtiles) character file.

Game seed: 16341198169511354083

8537 SanguineChosen the Cleaver (level 11, -4/101 HPs)
             Began as a Minotaur Berserker on July 29, 2022.
             Was a High Priest of Trog.
             Succumbed to a kobold brigand's curare-tipped dart
             ... on level 8 of the Dungeon.
             The game lasted 00:39:24 (11650 turns).

SanguineChosen the Cleaver (Minotaur Berserker)    Turns: 11650, Time: 00:39:25

Health: -4/101     AC: 16    Str: 31    XL:     11   Next: 11%
Magic:  10/10      EV: 10    Int:  6    God:    Trog [*****.]
Gold:   168        SH:  0    Dex:  9    Spells: 10/10 levels left

rFire   . . .      SeeInvis .   g - +5 hand axe (vorpal)
rCold   . . .      Faith    .   (no shield)
rNeg    . . .      Spirit   .   j - +0 chain mail
rPois   .          Reflect  .   (helmet restricted)
rElec   .          Harm     .   d - +0 cloak
rCorr   .          Rampage  .   l - +0 pair of gloves
Will    .....                   c - +0 pair of boots
Stlth   ..........              (no amulet)
HPRegen 0.26/turn               s - +6 ring of strength
MPRegen 0.12/turn               (no ring)

@: lethally poisoned (-4 -> -39), slowed, very slow
A: horns 2, retaliatory headbutt
a: Renounce Religion, Berserk, Trog's Hand, Brothers in Arms


You were on level 8 of the Dungeon.
You worshipped Trog.
Trog was extremely pleased with you.
You visited 1 branch of the dungeon, and saw 8 of its levels.
You also visited: Sewer.

You collected 388 gold pieces.
You spent 220 gold pieces at shops.

Inventory:

Hand Weapons
 g - a +5 vorpal hand axe (weapon)
 p - a +7 mace
Armour
 b - a +0 animal skin
 c - a +0 pair of boots (worn)
 d - a +0 cloak (worn)
 j - a +0 chain mail (worn)
 l - a +0 pair of gloves (worn)
Jewellery
 s - a +6 ring of strength (left hand)
Wands
 u - a wand of polymorph (8)
 x - a wand of iceblast (5)
Scrolls
 a - a scroll of amnesia {unknown}
 k - a scroll of enchant armour {unknown}
 o - a scroll of blinking
 z - a scroll of magic mapping {unknown}
 A - a scroll of immolation {unknown}
Potions
 e - 3 potions of flight
 i - a potion of haste {unknown}
 q - a potion of experience {unknown}
 v - a potion of cancellation {unknown}


   Skills:
 + Level 10.6 Fighting
 + Level 13.7 Axes
 + Level 11.7 Armour
 + Level 4.5 Dodging


You had 10 spell levels left.
You didn't know any spells.
Your spell library was empty.

Dungeon Overview and Level Annotations

Branches:
Dungeon (8/15)             Temple (0/1) D:4           Sewer (visited)
   Lair: D:8-11

Altars:
Elyvilon
Gozag
Nemelex Xobeh
Okawaru
Qazlal
Sif Muna
Wu Jian
Yredelemnul
The Shining One
Beogh

Shops:
D:6 *


Innate Abilities, Weirdness & Mutations

You have a pair of horns on your head.
You reflexively headbutt those who attack you in melee.


Message History

You are poisoned.
You have difficulty breathing.
You feel yourself slow down.
You feel sick.
The kobold brigand throws a curare-tipped dart.
The curare-tipped dart hits you.
You are more poisoned.
You have difficulty breathing.
You feel as though you will be slow longer.
You feel extremely sick.
The kobold brigand throws a curare-tipped dart.
The curare-tipped dart hits you.
You are more poisoned.
You have difficulty breathing.
You feel as though you will be slow longer.
You feel extremely sick.
You feel extremely sick.
You feel very sick.
The kobold brigand throws a curare-tipped dart.
The curare-tipped dart hits you.
You are more poisoned.
You have difficulty breathing.
You feel as though you will be slow longer.
You feel extremely sick.
You feel very sick.
The kobold brigand throws a curare-tipped dart.
The curare-tipped dart hits you.
You are more poisoned.
You have difficulty breathing.
* * * LOW HITPOINT WARNING * * *
You feel as though you will be slow longer.
* * * LOW HITPOINT WARNING * * *
You feel extremely sick.
The kobold brigand throws a curare-tipped dart.
The curare-tipped dart hits you.
You are lethally poisoned!
You have difficulty breathing.
* * * LOW HITPOINT WARNING * * *
You feel as though you will be slow longer.
There is a stone staircase leading up, spattered with blood here.
You die...

#.....# #.#......
#.....## #.#.....#
#......## #.......#
#..K....###..[....#
##...............#
#...............#
##........)....##
##.....).....##
###...@...###
#########


You could see a kobold brigand.

Vanquished Creatures
  2 two-headed ogres (D:7)
  Pikel (D:5)
  An ugly thing (D:8)
  A cyclops (D:7)
  Joseph (D:7)
  A kobold demonologist (D:7)
  Grinder (D:5)
  Prince Ribbit (D:6)
  Sigmund (D:6)
  A wyvern (D:7)
  4 yaks (D:7)
  A wraith (D:7)
  Eustachio (D:6)
  Menkaure (D:5)
  Edmund (D:6)
  A water moccasin (D:6)
  Duvessa (D:5)
  2 orc warriors
  3 sky beasts
  2 ice beasts
  A black bear (D:7)
  5 ogres
  2 necrophages
  A centaur (D:7)
  A phantom (D:4)
  A kobold brigand (D:7)
  A lemure (D:5)
  A wyvern zombie (D:7)
  4 bullfrogs
  5 scorpions
  A wyvern skeleton (D:5)
  Dowan (D:5)
  5 killer bees (D:5)
  A wight (D:7)
  3 centaur zombies
  3 bullfrog zombies (D:7)
  2 centaur skeletons
  A jelly (D:7)
  4 orc priests
  4 bullfrog skeletons
  2 hounds
  Crazy Yiuf (D:5)
  2 killer bee zombies
  A howler monkey zombie (D:7)
  8 gnolls
  9 river rats
  14 adders
  2 adder skeletons (D:4)
  2 worms (D:2)
  A dart slug (D:2)
  19 orcs
  12 ball pythons
  3 bats
  9 endoplasms
  6 giant cockroaches
  2 goblins
  7 hobgoblins
  8 jackals
  2 quokkas
  6 frilled lizards
  6 kobolds
  27 rats
224 creatures vanquished.

Notes
Turn   | Place    | Note
-------+----------+-------------------------------------------
     0 | D:1      | SanguineChosen the Minotaur Berserker began the quest for
                  | the Orb.
     0 | D:1      | Reached XP level 1. HP: 19/19 MP: 0/0
   187 | D:1      | Reached XP level 2. HP: 24/27 MP: 1/1
   188 | D:1      | Reached skill level 4 in Axes
   841 | D:2      | Reached XP level 3. HP: 29/33 MP: 2/2
   951 | D:2      | Found an iron altar of Okawaru.
  1349 | D:2      | Reached ** piety under Trog
  1894 | D:3      | Reached XP level 4. HP: 8/41 MP: 3/3
  2232 | D:2      | Reached skill level 5 in Axes
  2292 | D:2      | Reached XP level 5. HP: 41/47 MP: 4/4
  3046 | D:3      | Identified the +2 robe "Xajel" {Harm Regen+ rCorr Str-2}
  3081 | D:3      | Identified the +11 quarterstaff "Killer Bee's Bane"
                  | {vorpal, rC+}
  3208 | D:3      | Found a faded altar of an unknown god.
  3394 | D:3      | Found an opulent altar of Gozag.
  3402 | D:3      | Found an iron altar of Okawaru.
  3409 | D:3      | Found a stormy altar of Qazlal.
  3416 | D:3      | Found a glowing golden altar of the Shining One.
  3424 | D:3      | Found an ornate altar of the Wu Jian Council.
  3435 | D:3      | Found a shimmering blue altar of Sif Muna.
  3440 | D:3      | Found a white marble altar of Elyvilon.
  3541 | D:4      | Reached skill level 5 in Fighting
  3543 | D:4      | Reached skill level 6 in Axes
  3562 | D:4      | Noticed an ogre
  3580 | D:4      | Reached XP level 6. HP: 51/56 MP: 5/5
  3590 | D:4      | Found a glowing drain.
  3608 | Sewer    | Entered a sewer
  3898 | Sewer    | Reached *** piety under Trog
  4124 | Sewer    | Reached skill level 7 in Axes
  4218 | Sewer    | Reached XP level 7. HP: 58/62 MP: 6/6
  4220 | Sewer    | Reached **** piety under Trog
  4266 | Sewer    | Reached skill level 5 in Armour
  4724 | D:4      | Reached skill level 8 in Axes
  4839 | D:4      | Found a staircase to the Ecumenical Temple.
  4999 | D:5      | Entered Level 5 of the Dungeon
  5003 | D:5      | Found a sparkling altar of Nemelex Xobeh.
  5005 | D:5      | Noticed Grinder
  5010 | D:5      | Killed Grinder
  5011 | D:5      | Reached XP level 8. HP: 63/71 MP: 7/7
  5144 | D:5      | Noticed Duvessa
  5146 | D:5      | Noticed Dowan
  5155 | D:5      | Reached skill level 9 in Axes
  5165 | D:5      | Killed Duvessa
  5190 | D:5      | Killed Dowan
  5604 | D:5      | Noticed Menkaure
  5610 | D:5      | Killed Menkaure
  5984 | D:5      | Reached skill level 10 in Axes
  6162 | D:5      | Found a runed translucent door.
  6163 | D:5      | Noticed Crazy Yiuf
  6230 | D:5      | Identified the +1 dagger of Feiduro {spect, rPois Dex+7
                  | SInv}
  6429 | D:5      | Killed Crazy Yiuf
  6430 | D:5      | Reached XP level 9. HP: 78/79 MP: 8/8
  6486 | D:6      | Noticed Pikel
  6487 | D:6      | Noticed Edmund
  6504 | D:5      | Killed Pikel
  6805 | D:6      | Killed Edmund
  6806 | D:6      | Reached skill level 11 in Axes
  7023 | D:6      | Noticed Sigmund
  7045 | D:6      | Killed Sigmund
  7129 | D:6      | Found Tesije's Assorted Antiques.
  7129 | D:6      | Noticed Eustachio
  7137 | D:6      | Reached ***** piety under Trog
  7140 | D:6      | Killed Eustachio
  7182 | D:6      | Bought a scroll of identify for 44 gold pieces
  7182 | D:6      | Bought a forked fluorescent wand for 88 gold pieces
  7182 | D:6      | Bought a brass wand for 88 gold pieces
  7575 | D:6      | Noticed Prince Ribbit
  7581 | D:6      | Killed Prince Ribbit
  7582 | D:6      | Reached skill level 12 in Axes
  7646 | D:6      | Reached XP level 10. HP: 89/90 MP: 9/9
  8260 | D:7      | Noticed Joseph
  8288 | D:7      | Killed Joseph
  8662 | D:7      | Reached skill level 10 in Armour
  8785 | D:7      | Noticed a green ugly thing
  8785 | D:7      | Noticed a cyclops
  9000 | D:8      | Killed a green ugly thing
  9287 | D:7      | Reached skill level 10 in Fighting
  9297 | D:7      | Killed a cyclops
  9298 | D:7      | Reached skill level 13 in Axes
 10043 | D:7      | Found a basalt altar of Yredelemnul.
 10140 | D:8      | Noticed a two-headed ogre
 10140 | D:8      | Noticed a two-headed ogre
 10495 | D:7      | HP: 1/94 [two-headed ogre/+0 giant club (13)]
 11022 | D:7      | Killed a two-headed ogre
 11387 | D:7      | Killed a two-headed ogre
 11388 | D:7      | Reached XP level 11. HP: 83/101 MP: 10/10
 11650 | D:8      | Succumbed to a kobold brigand's curare-tipped dart

Illustrated notes

Levels and vault maps discovered:
D:1:      scummos_arrival_forest, layout_basic, supply_closet_lemuel
D:2:      layout_loops_corners, basic_altar
D:3:      layout_loops_ring, grunt_temple_overflow_octagram,
          hellmonk_ecumenical_altar_defaced_shrine
D:4:      layout_loops_ring, minmay_temple_entry_poolview, portal_sewer_entry_c
D:5:      layout_basic, mainiacjoe_overflow_tiny_flanked, uniq_menkaure,
          uniq_crazy_yiuf_cottage, uniq_duvessa, uniq_grinder
D:6:      layout_cave_pools, kennysheep_windowed_goal, uniq_sigmund, uniq_pikel,
          uniq_edmund, uniq_prince_ribbit1, uniq_eustachio
D:7:      nzn_winding_woodlands_small [nzn_winding_woodlands_5x15_default,
          nzn_winding_woodlands_center_triple_pond,
          nzn_winding_woodlands_5x15_sidewinder], layout_layer_cave,
          nicolae_yredelemnul_corpse_copse, minmay_misc_feat_square,
          kennysheep_path_1, uniq_joseph
D:8:      minmay_s_stair_smasher, layout_loops_ring,
          nicolae_ru_the_path_less_chosen, chequers_serial_rivers_micro_d,
          minmay_manual_maat, uniq_gastronok, uniq_maurice

Skill      XL: |  1  2  3  4  5  6  7  8  9 10 |
---------------+-------------------------------+-----
Axes           | 4 5 6 7 8 10 12 13 | 13.7
Fighting       | 4 5 6 7 8 10 | 10.6
Armour         | 3 4 5 7 9 11 | 11.7
Dodging        | 3 4 |  4.5

Action                   |  1- 3 |  4- 6 |  7- 9 | 10-12 || total
-------------------------+-------+-------+-------+-------++-------
Melee: Hand axe          |    92 |   192 |   177 |   157 ||   618
       Headbutt          |    11 |    23 |    31 |    36 ||   101
       Punch             |       |     1 |     4 |     1 ||     6
Evoke: Wand              |       |       |       |     1 ||     1
  Use: Scroll            |       |     4 |     8 |     3 ||    15
       Potion            |       |     1 |     3 |     6 ||    10
Armor: Animal skin       |     9 |       |       |       ||     9
       Chain mail        |    25 |   101 |    65 |    75 ||   266
Dodge: Dodged            |    42 |    77 |    81 |    82 ||   282
